AoeStats
← El dengue

Arabia

510654279Analyzed
2v2 RM · 23h ago on Oct 2, 2026· 34m 30s· 4 players
Game mode
Random Map
Map size
Medium (4 player)
Population
200
Speed
Normal
Resources
Standard
Victory
Conquest
Starting age
Dark Age
Ending age
Imperial Age
RankedLock teamsTeams togetherTeam positionsShared explorationLock speedFull tech treeHidden civsTurbo modeCheats
Victory
Defeat
🇺🇸 Persians · United States
1070
+17
🇺🇸 Romans · United States
1065
+17
🇦🇷 Slavs · Argentina
1099
-17
🇦🇷 Khmer · Argentina
1087
-17
Imperator Aronius Arabicus
9:37 Feudal Age
9:38 Man-at-Arms
10:26 Loom
12:42 Double-Bit Axe
16:56 Scale Mail Armor
24:45 Castle Age
23:04 Horse Collar
25:20 Forging
25:01 Long Swordsman
25:42 Squires
25:58 Chain Mail Armor
28:08 Wheelbarrow
29:50 Bow Saw
32:05 Ballistics
32:22 Hand Cart
32:59 Gold Mining
34:11 Coinage
34:53 Scale Barding Armor
GaintVIP117
10:02 Feudal Age
8:47 Loom
10:57 Double-Bit Axe
18:35 Castle Age
16:38 Horse Collar
16:56 Fletching
17:38 Scale Barding Armor
18:16 Bloodlines
18:30 Gold Mining
18:55 Forging
19:48 Husbandry
22:00 Wheelbarrow
24:41 Bow Saw
24:34 Heavy Plow
24:26 Stone Mining
25:34 Iron Casting
26:27 Hand Cart
25:58 Pikeman
27:46 Chain Barding Armor
28:31 Town Watch
32:44 Gold Shaft Mining
32:46 Padded Archer Armor
CrazyAgu4400
7:26 Loom
9:31 Feudal Age
11:00 Double-Bit Axe
17:42 Castle Age
17:12 Bloodlines
18:20 Scale Barding Armor
18:07 Horse Collar
19:02 Bow Saw
21:06 Husbandry
22:55 Wheelbarrow
22:26 Town Watch
23:21 Gold Mining
24:03 Light Cavalry
26:11 Heavy Plow
27:20 Pikeman
30:31 Fletching
31:01 Chain Barding Armor
33:36 Gold Shaft Mining
33:32 Forging
El dengue
7:44 Loom
9:43 Feudal Age
9:50 Man-at-Arms
13:06 Loom
16:01 Double-Bit Axe
19:08 Forging
23:08 Castle Age
22:50 Scale Mail Armor
23:13 Pikeman
Connection lost

Rejoining the realm…

Still unreachable

The connection could not be restored.

Session expired

The server has moved on; the page needs a fresh start.